 Dungeon Crawl Stone Soup version 0.31-a0-175-g9f7f995f2b (webtiles) character file.

Game seed: 3425207038578396600

161 olmar the Sneak (level 5, -18/36 HPs)
             Began as a Vampire Enchanter on June 16, 2023.
             Demolished by Menkaure (20 damage)
             ... on level 4 of the Dungeon.
             The game lasted 00:05:49 (3231 turns).

olmar the Sneak (Vampire Enchanter)                 Turns: 3231, Time: 00:05:51

Health: -18/36     AC:  2    Str:  7    XL:     5   Next: 18%
Magic:  8/8        EV: 13    Int: 20    God:
Gold:   170        SH:  0    Dex: 14    Spells: 3/8 levels left

rFire   . . .        a - +1 dagger
rCold   . . .        (no shield)
rNeg    . . .        b - +0 robe
rPois   .            (no helmet)
rElec   .            (no cloak)
rCorr   .            (no gloves)
SInv    +            (no boots)
Will    .....        e - amulet of the acrobat
Stlth   +++          (no ring)
HPRegen 0.46/turn    (no ring)
MPRegen 0.11/turn

%: acrobat
@: healing quickly
A: alive, fangs 3, see invisible, vampiric 2
a: Exsanguinate


You were on level 4 of the Dungeon.
You visited 1 branch of the dungeon, and saw 4 of its levels.

You collected 170 gold pieces.

Inventory:

Hand Weapons
 a - a +1 dagger (weapon)
Missiles
 n - 4 curare-tipped darts
Armour
 b - a +0 robe (worn)
Jewellery
 e - an amulet of the acrobat (around neck)
Wands
 m - a wand of acid (7)
Scrolls
 g - a scroll of poison {unknown}
 h - a scroll of teleportation {unknown}
 j - a scroll of amnesia {unknown}
 k - 2 scrolls of fog {unknown}
 l - 2 scrolls of identify {unknown}
 o - a scroll of blinking {unknown}
Potions
 c - 2 potions of invisibility
 d - a potion of berserk rage {unknown}
 f - a potion of curing {unknown}
 i - a potion of resistance {unknown}


   Skills:
 + Level 0.7 Fighting
 + Level 2.6 Short Blades
 + Level 3.3 Dodging
 + Level 5.9 Stealth
 + Level 2.3 Spellcasting
 + Level 5.3 Hexes
 + Level 0.4 Ice Magic


You had 3 spell levels left.
You knew the following spells:

 Your Spells              Type           Power      Damage    Failure   Level
a - Ensorcelled Hibernat  Hex/Ice        26%        N/A       7%          2
b - Tukima's Dance        Hex            23%        N/A       4%          3

Your spell library contained the following spells:

 Spells                   Type           Power      Damage    Failure   Level
 Confusing Touch          Hex            23%        N/A       4%          3
 Dazzling Flash           Conj/Hex       26%        N/A       16%         3


Dungeon Overview and Level Annotations

Branches:
Dungeon (4/15)
 Temple: D:4-7

Altars:
Ashenzari
Qazlal
Uskayaw

Annotations:
D:4 Menkaure


Innate Abilities, Weirdness & Mutations

Your natural rate of healing is accelerated.
You have razor-sharp teeth.
You have supernaturally acute eyesight. (SInv)
You are afflicted with vampirism and can become a bat while bloodless.


Message History

Menkaure is nearby!
Unknown command.
Menkaure is nearby!
Menkaure gestures at you while chanting.
Pain shoots through your body!
Unknown command.
Casting: Ensorcelled Hibernation (safe; 7% risk of failure)
Confirm with . or Enter, or press ? or * to list all spells.
You can't see any susceptible monsters within range! (Use Z to cast anyway.) Unknown command.
Casting: Ensorcelled Hibernation (safe; 7% risk of failure)
Confirm with . or Enter, or press ? or * to list all spells.
Aiming: Tukima's Dance (dangerous; 4% risk of failure)
Press: ? - help, Shift-Dir - straight line, f - you That would be overly suicidal.
Okay, then.
Unknown command.
Unknown command.
Okay, then.
Menkaure barely misses you.
You begin bloodletting.
You continue bloodletting.
Menkaure closely misses you.
You continue bloodletting.
Menkaure mumbles some strange words.
Menkaure seems to speed up.
You continue bloodletting.
Menkaure hits you!!
Keep bloodletting? [Y]es or [N]o only, please.
Keep bloodletting? [Y]es or [N]o only, please.
Keep bloodletting?
Ouch! That really hurt!
* * * LOW HITPOINT WARNING * * *
You continue bloodletting.
Menkaure misses you.
You continue bloodletting.
Menkaure hits you!!
Ouch! That really hurt!
You die...

......#.......#
.###...####.##
..........##.#
.########.##.#
#.##.# #....#
##..#.#
#####...#.#
#.M@......#
#.###.#.### ..
..#.# #. ####>#
# .# .# .#


You could see Menkaure (fast).

Vanquished Creatures
  A hound (D:4)
  An orc priest (D:3)
  2 adders
  A worm (D:2)
  3 dart slugs
  4 orcs (D:3)
  2 bats (D:1)
  6 endoplasms
  7 goblins
  9 hobgoblins
  3 jackals (D:2)
  4 quokkas
  12 ball pythons
  5 frilled lizards
  3 kobolds
  5 rats
68 creatures vanquished.

Vanquished Creatures (others)
  A dancing weapon (D:3)
1 creature vanquished.

Grand Total: 69 creatures vanquished

Notes
Turn   | Place    | Note
-------+----------+-------------------------------------------
     0 | D:1      | olmar the Vampire Enchanter began the quest for the Orb.
     0 | D:1      | Reached XP level 1. HP: 13/13 MP: 3/3
   153 | D:1      | Reached XP level 2. HP: 17/17 MP: 5/5
   341 | D:1      | Reached skill level 5 in Stealth
   380 | D:1      | Reached skill level 5 in Hexes
   656 | D:1      | Gained mutation: You are afflicted with vampirism and can
                  | become a bat while bloodless. [Vampire growth]
   656 | D:1      | Reached XP level 3. HP: 19/21 MP: 6/6
   952 | D:2      | Learned a level 2 spell: Ensorcelled Hibernation
   970 | D:2      | Learned a level 3 spell: Tukima's Dance
  1522 | D:2      | Found a faded altar of an unknown god.
  1545 | D:2      | Reached XP level 4. HP: 26/27 MP: 7/7
  2131 | D:3      | Found a stormy altar of Qazlal.
  2136 | D:3      | Found a broken altar of Ashenzari.
  2137 | D:3      | Found a hide-covered altar of Uskayaw.
  3117 | D:4      | Reached XP level 5. HP: 36/36 MP: 8/8
  3222 | D:4      | Noticed Menkaure
  3229 | D:4      | HP: 1/36 [Menkaure (23)]
  3231 | D:4      | Demolished by Menkaure

Illustrated notes

Levels and vault maps discovered:
D:1:      ebering_hopf_link, layout_basic
D:2:      layout_basic, chequers_ecumenical_altar_island
D:3:      layout_basic, gammafunk_temple_overflow_forgotten,
          hangedman_decor_lopped
D:4:      dreamdust_elfheim, layout_loops_ring, mainiacjoe_overflow_paths,
          nicolae_vehumet_altar_sigil, slow_altar_2, uniq_crazy_yiuf_cottage,
          uniq_eustachio, uniq_menkaure

Skill      XL: |  1  2  3  4 |
---------------+-------------+-----
Stealth        | 5 |  5.9
Hexes          | 5 |  5.3
Dodging        | 3 |  3.3
Short Blades   | 2 |  2.6
Fighting       | |  0.7
Spellcasting   | |  2.3
Ice Magic      | |  0.4

Action                     |  1- 3 |  4- 6 || total
---------------------------+-------+-------++-------
  Melee: Dagger            |   162 |    81 ||   243
         Bite              |    14 |    10 ||    24
   Cast: Ensorcelled Hiber |     3 |     6 ||     9
         Tukima's Dance    |       |     2 ||     2
Ability: Exsanguinate      |     1 |     1 ||     2
         Revivify          |     1 |       ||     1
   Stab: Sleeping          |    13 |     7 ||    20
 Armour: Robe              |    17 |     4 ||    21
  Dodge: Dodged            |   102 |    59 ||   161

Table legend: (Time is in decaauts)
 A = Elapsed time spent in this place.
 B = Non-inter-level travel time spent in this place.
 C = Inter-level travel time spent in this place.
 D = Time resting spent in this place.
 E = Time spent auto-exploring this place.
 F = Levels seen in this place.
 G = Mean time per level.
                   A        B        C        D        E       F      G
               +--------+--------+--------+--------+--------+-----+--------+
         Total |   3219 |   3114 |    105 |    189 |   2320 |   4 |  804.8 |
       Dungeon |   3219 |   3114 |    105 |    189 |   2320 |   4 |  804.8 |
               +--------+--------+--------+--------+--------+-----+--------+

Top non-repeatable levels by time:
     D:3: 1119 daAuts
     D:2: 1038 daAuts
     D:1: 880 daAuts
     D:4: 181 daAuts
